 Dungeon Crawl Stone Soup version 0.25-a0-310-g60f0ac2 (webtiles) character file.

Game seed: 17888825363684535272, levelgen mode: deterministic

95844 MrTaco21 the Warrior (level 16, -10/110 HPs)
             Began as a Gargoyle Fighter on Dec 23, 2019.
             Was an Initiate of Gozag.
             Killed by divine providence
             ... invoked by an orc priest
              (11 damage)
             ... on level 2 of the Orcish Mines.
             The game lasted 01:10:41 (28129 turns).

MrTaco21 the Warrior (Gargoyle Fighter)            Turns: 28129, Time: 01:10:42

Health: -10/110    AC: 42    Str: 26    XL:     16   Next: 15%
Magic:  16/16      EV: 10    Int: 10    God:    Gozag
Gold:   7119       SH: 29    Dex:  9    Spells: 15/15 levels left

rFire    . . .     SeeInvis .   m - +4 mace (freeze)
rCold    + . .     Gourm    .   j - +3 large shield of the Distant Future {rElec rC+}
rNeg     + . .     Faith    .   W - +0 shadow dragon scales
rPois    ∞         Spirit   .   o - +2 helmet
rElec    +         Reflect  +   i - +1 cloak
rCorr    .         Harm     .   w - +2 pair of gloves
MR       +....                  D - +0 pair of boots
Stlth    ++........             K - +5 amulet of reflection
HPRegen  0.28/turn              B - +2 ring of protection
MPRegen  0.15/turn              R - +3 ring of evasion

@: about to teleport, gold aura, flying
A: big wings, negative energy resistance 1, electricity resistance, unbreathing,
petrification resistance, rot immunity, AC +12
a: Stop Flying, Potion Petition, Call Merchant, Bribe Branch, Renounce Religion


You were on level 2 of the Orcish Mines.
You worshipped Gozag.
Gozag was greatly pleased with you.
You were not hungry.

You visited 4 branches of the dungeon, and saw 24 of its levels.

You collected 7315 gold pieces.
You paid 196 gold pieces to Gozag.

Inventory:

Hand Weapons
 m - a +4 mace of freezing (weapon)
   (You took it off a wight on level 6 of the Dungeon)
Missiles
 H - 6 throwing nets (quivered) {!f}
Armour
 i - a +1 cloak (worn)
   (You took it off Crazy Yiuf on level 2 of the Dungeon)
 j - the +3 large shield of the Distant Future (worn) {rElec rC+}
   (You found it on level 14 of the Dungeon)

   It protects you from cold.
   It insulates you from electricity.
 o - a +2 helmet (worn)
   (You found it on level 2 of the Dungeon)
 w - a +2 pair of gloves (worn)
   (You found it on level 2 of the Dungeon)
 D - a +0 pair of boots (worn)
   (You found it on level 6 of the Dungeon)
 W - +0 shadow dragon scales (worn)
   (You found it on level 2 of the Lair of Beasts)
Jewellery
 B - a +2 ring of protection (left hand)
   (You found it on level 5 of the Dungeon)
 K - a +5 amulet of reflection (around neck)
   (You found it on level 9 of the Dungeon)
 R - a +3 ring of evasion (right hand)
   (You found it on level 10 of the Dungeon)
 Y - an uncursed amulet of guardian spirit
   (You found it on level 13 of the Dungeon)
Wands
 c - a wand of disintegration (38)
   (You found it on level 12 of the Dungeon)
 d - a wand of iceblast (56)
   (You found it on level 9 of the Dungeon)
 u - a wand of paralysis (11)
   (You found it on level 3 of the Lair of Beasts)
 v - a wand of digging (3)
   (You found it on level 12 of the Dungeon)
 x - a wand of acid (36)
   (You took it off Harold on level 8 of the Dungeon)
 y - a wand of polymorph (19)
   (You found it on level 11 of the Dungeon)
Scrolls
 f - 8 scrolls of teleportation {@r4}
 g - 7 scrolls of fog
 l - 8 scrolls of immolation {!r}
 n - 4 scrolls of enchant weapon
 q - 8 scrolls of magic mapping
 s - 6 scrolls of remove curse {@r2}
 A - 3 scrolls of fear
 C - a scroll of blinking {unknown}
 E - a scroll of holy word {unknown}
 G - 2 scrolls of summoning {unknown}
 J - 2 scrolls of silence {unknown}
 L - a scroll of torment {unknown}
 N - a scroll of brand weapon {unknown}
 Q - 2 scrolls of random uselessness {unknown}
 U - 6 scrolls of enchant armour
 V - a scroll of noise {unknown}
Potions
 a - 4 potions of lignification {!q}
 b - a potion of brilliance {unknown}
 h - 4 potions of haste {@q3}
 k - a potion of magic {unknown}
 r - a potion of resistance {unknown}
 z - a potion of ambrosia {unknown}
 F - a potion of invisibility
 I - 4 potions of might
 M - 4 potions of curing {@q1}
 O - 4 potions of berserk rage
 P - 3 potions of heal wounds {@q2}
 S - 6 potions of agility
 T - a potion of cancellation {unknown}
Miscellaneous
 X - a phantom mirror
Comestibles
 e - 18 rations {!d}


   Skills:
 + Level 15.8 Fighting
 - Level 14.0 Maces & Flails
 + Level 14.5 Armour
 + Level 15.8 Shields


You had 15 spell levels left.
You didn't know any spells.
Your spell library contained the following spells:

 Spells                   Type           Power        Failure   Level  Hunger
 Beastly Appendage        Tmut           #.....       99%         1    ##.....
 Corona                   Hex            #......      99%         1    ##.....
 Freeze                   Ice            #...         99%         1    ##.....
 Infusion                 Chrm           #...         99%         1    ##.....
 Magic Dart               Conj           #...         99%         1    ##.....
 Blink                    Tloc           N/A          100%        2    ###....
 Call Imp                 Summ           #.......     100%        2    ###....
 Searing Ray              Conj           #.....       100%        2    ###....
 Shroud of Golubria       Chrm/Tloc      #.....       100%        2    ###....
 Slow                     Hex            #.......     100%        2    ###....
 Song of Slaying          Chrm           #.......     100%        2    ###....
 Sticks to Snakes         Tmut           #.......     100%        2    ###....
 Conjure Flame            Conj/Fire      #.......     100%        3    ####...
 Dazzling Flash           Conj/Hex       #.....       100%        3    ####...
 Inner Flame              Hex/Fire       #.......     100%        3    ####...
 Mephitic Cloud           Conj/Pois/Air  #.......     100%        3    ####...
 Ozocubu's Armour         Chrm/Ice       #.......     100%        3    ####...
 Portal Projectile        Hex/Tloc       #.....       100%        3    ####...
 Regeneration             Chrm/Necr      #.........   100%        3    ####...
 Spectral Weapon          Hex/Chrm       #.......     100%        3    ####...
 Spider Form              Tmut/Pois      #.........   100%        3    ####...
 Cause Fear               Hex            #.........   100%        4    #####..
 Fulminant Prism          Conj/Hex       #.........   100%        4    #####..
 Hailstorm                Conj/Ice       #.......     100%        4    #####..
 Ice Form                 Ice/Tmut       #.......     100%        4    #####..
 Iskenderun's Mystic Bla  Conj/Tloc      #.......     100%        4    #####..
 Leda's Liquefaction      Hex/Erth       #.........   100%        4    #####..
 Summon Ice Beast         Ice/Summ       #.......     100%        4    #####..
 Blade Hands              Tmut           #.........   100%        5    ######.


Dungeon Overview and Level Annotations

Branches:
Dungeon (15/15)            Temple (1/1) D:7            Lair (6/6) D:10
 Shoals (0/4) Lair:2       Spider (0/4) Lair:2        Slime (0/5) Lair:6
    Orc (2/2) D:10         Vaults (0/5) D:14         Depths (0/5) D:15
    Elf: Orc:2

Altars:
Ashenzari
Cheibriados
Dithmenos
Elyvilon
Fedhas
Gozag
Hepliaklqana
Kikubaaqudgha
Makhleb
Nemelex Xobeh
Okawaru
Qazlal
Ru
Sif Muna
Trog
Uskayaw
Vehumet
Wu Jian
Xom
Yredelemnul
Zin
The Shining One

Shops:
D:8 =   D:13 (


Innate Abilities, Weirdness & Mutations

You are resistant to torment.
Your stone body is resilient. (AC +12)
You are immune to poison.
Your large and strong wings let you fly indefinitely.
You resist negative energy. (rN+)
You are resistant to electric shocks. (rElec)
You can survive without breathing.
You are immune to petrification.
You are immune to rotting.


Message History

The orc is no longer distracted by gold.
The orc priest is no longer distracted by gold.
The orc is no longer distracted by gold.
The orc priest is no longer distracted by gold.
A warg comes into view.
The orc becomes distracted by the nearby gold, dreaming of imaginary riches.
You block the orc priest's attack.
The orc priest calls down the wrath of Beogh upon you.
Beogh smites you!
* * * LOW HITPOINT WARNING * * *
You block the orc's attack. The orc misses you. You block the orc's attack.
The orc priest becomes distracted by the nearby gold, dreaming of imaginary riches.
The chaos spawn hits you but does no damage.
The orc high priest hits you but does no damage.
The orc high priest calls down the wrath of Beogh upon you.
Beogh smites you!
* * * LOW HITPOINT WARNING * * *
The orc becomes distracted by the nearby gold, dreaming of imaginary riches.
The orc shouts!
The orc priest shouts!
You sock the neqoxec! You freeze the neqoxec.
The orange demon is no longer distracted by gold.
The orange demon barely misses you.
The orc priest hits you but does no damage.
The soul eater draws from the surrounding life force!
* * * LOW HITPOINT WARNING * * *
You block the orc's attack. x2
The orc becomes distracted by the nearby gold, dreaming of imaginary riches.
The chaos spawn barely misses you.
As you read the scroll of teleportation {@r4}, it crumbles to dust.
You feel strangely unstable.
The orc priest is no longer distracted by gold.
The orc is no longer distracted by gold. x2
The warg is no longer distracted by gold.
The orc wizard is no longer distracted by gold.
You block the warg's attack.
The neqoxec becomes distracted by the nearby gold, dreaming of imaginary riches.
You block the orc high priest's attack.
The orc priest becomes distracted by the nearby gold, dreaming of imaginary riches.
You block the orange demon's attack.
The orc priest invokes the aid of Beogh against you.
You resist with significant effort.
The soul eater draws from the surrounding life force!
* * * LOW HITPOINT WARNING * * *
The orc hits you but does no damage.
The orc wizard hits you but does no damage.
You block the warg's attack.
The orc priest invokes the aid of Beogh against you.
Beogh smites you!
You die...
Your body crumbles into a pile of gold.

.o......o.#.####.###...........
o........#...##...###)##.......
$ #.......###...##)##.......
...##.......#...#.)))#......#
..$...................##....##
.....................##......
.................#.#####.#..
............oo4..### #####
...........o3@oo##
............hooo#
..$.......oo4ooo...
.........5.ohoo...$#
...........o.h#.###
........o#....## .......3....
.............


You could see a soul eater, 2 orc high priests, an orange demon, a neqoxec
(unaware), a chaos spawn, 3 wargs, an iron imp, 9 orc priests, an orc wizard and
6 orcs.

Vanquished Creatures
  Rupert (Orc:2)
  An orc warlord (Orc:2)
  A dire elephant (D:15)
  A fire dragon (D:14)
  Harold (D:8)
  An ogre mage (D:15)
  A catoblepas (Lair:5)
  6 hydras
  5 vault guards
  5 centaur warriors
  8 two-headed ogres
  7 death yaks
  A queen ant (Lair:3)
  2 orc high priests (Orc:2)
  Sonja (Lair:5)
  4 skeletal warriors (D:14)
  A wizard (D:14)
  2 unseen horrors
  An ugly thing (D:11)
  A wolf spider (Lair:6)
  A salamander (D:15)
  2 oklob plants (Lair:2)
  An orc sorcerer (Orc:2)
  2 manticores (D:15)
  12 elephants
  7 cyclopes
  2 centaur zombies
  4 gargoyles
  A torpor snail (Lair:6)
  6 black mambas
  6 spiny frogs
  9 komodo dragons
  A merfolk (D:15)
  6 trolls
  A tengu conjurer (D:15)
  7 hornets
  3 polar bears (Lair:6)
  The ghost of Despondentz the Skirmisher, an amateur DsFi (D:3)
  14 slime creatures
  10 blink frogs
  Prince Ribbit (D:7)
  8 dream sheep (Lair:6)
  2 hippogriffs
  A raiju (shapeshifter) (D:14)
  14 spriggans (Lair:6)
  2 shadows
  52 yaks
  2 humans (shapeshifter)
  6 wyverns
  2 basilisks
  6 humans
  2 hungry ghosts
  3 vampire mosquitoes
  2 steam dragons
  Menkaure (D:6)
  7 wargs (Orc:2)
  6 soldier ants
  2 acid dragons
  12 water moccasins
  2 ice beasts
  12 porcupines
  6 black bears
  12 orc warriors
  4 sky beasts
  A hornet zombie (D:8)
  3 phantoms
  3 boggarts (Lair:6)
  8 ogres
  A necrophage (D:11)
  11 centaurs
  26 wolves
  17 crocodiles
  19 bullfrogs
  3 big kobolds
  A wyvern zombie (D:13)
  A gnoll sergeant (D:9)
  4 scorpions
  16 jellies
  6 killer bees (D:10)
  23 wights
  5 crimson imps
  A howler monkey (D:6)
  A quasit (D:7)
  5 orc priests
  7 hounds
  Crazy Yiuf (D:2)
  5 bullfrog skeletons
  8 centaur skeletons
  25 worker ants
  6 iguanas
  Natasha (thrice) (D:2)
  7 orc wizards
  3 hound skeletons
  8 gnolls (D:9)
  17 adders
  5 shadow imps
  16 oozes
  An adder skeleton (D:6)
  7 worms
  2 dart slugs
  A leopard gecko (D:4)
  50 orcs
  6 bats
  6 giant cockroaches
  3 goblins
  2 hobgoblins
  7 jackals (D:2)
  5 quokkas
  2 frilled lizards (D:3)
  20 kobolds
  A leopard gecko skeleton (D:6)
  3 rats
  A plant (Lair:2)
697 creatures vanquished.

Vanquished Creatures (others)
  Nessos (D:14)
  A centaur warrior (D:13)
  A spriggan (Lair:6)
  A human (D:14)
  A water moccasin (Lair:6)
  3 centaurs
  2 bushes (Lair:6)
  27 fungi
  11 plants
48 creatures vanquished.

Grand Total: 745 creatures vanquished

Notes
Turn   | Place    | Note
-------+----------+-------------------------------------------
     0 | D:1      | MrTaco21 the Gargoyle Fighter began the quest for the Orb.
     0 | D:1      | Reached XP level 1. HP: 14/14 MP: 1/1
   226 | D:1      | Reached XP level 2. HP: 19/19 MP: 2/2
   445 | D:2      | Reached XP level 3. HP: 22/23 MP: 3/3
   558 | D:2      | Noticed Natasha
   584 | D:2      | Killed Natasha
   584 | D:2      | Reached XP level 4. HP: 22/28 MP: 4/4
   826 | D:2      | Noticed Natasha
   836 | D:2      | Killed Natasha
  1267 | D:2      | Noticed Natasha
  1276 | D:2      | Killed Natasha
  1276 | D:2      | Reached skill level 5 in Maces & Flails
  1276 | D:2      | Reached XP level 5. HP: 23/32 MP: 5/5
  1485 | D:2      | Found a runed translucent door.
  1486 | D:2      | Noticed Crazy Yiuf
  1634 | D:3      | Found a runed translucent gate.
  1635 | D:3      | Found a runed translucent gate.
  1635 | D:3      | Found an opulent altar of Gozag.
  1640 | D:3      | Found a runed translucent gate.
  1641 | D:3      | Noticed Despondentz's ghost (amateur DsFi)
  2304 | D:4      | Reached XP level 6. HP: 37/37 MP: 6/6
  2845 | D:4      | Reached XP level 7. HP: 37/41 MP: 7/7
  3209 | D:5      | Entered Level 5 of the Dungeon
  4674 | D:6      | Reached XP level 8. HP: 46/46 MP: 8/8
  5016 | D:6      | Reached skill level 10 in Maces & Flails
  5362 | D:6      | Noticed Menkaure
  5365 | D:6      | Killed Menkaure
  5739 | D:7      | Noticed Prince Ribbit
  5747 | D:7      | Killed Prince Ribbit
  5747 | D:7      | Reached XP level 9. HP: 45/51 MP: 9/9
  6002 | D:6      | HP: 2/51 [slime creature (9)]
  6463 | D:7      | Found a staircase to the Ecumenical Temple.
  6880 | D:7      | Found an ornate altar of the Wu Jian Council.
  7075 | Temple   | Entered the Ecumenical Temple
  7147 | Temple   | Became a worshipper of Gozag Ym Sagoz the Greedy
  7287 | D:8      | Noticed Harold
  7309 | D:8      | Killed Harold
  7309 | D:8      | Reached XP level 10. HP: 6/56 MP: 10/10
  7629 | D:8      | Found Xedecis's Jewellery Emporium.
  7631 | D:8      | Noticed a two-headed ogre
  8103 | D:8      | Killed a two-headed ogre
  8621 | D:9      | Reached skill level 5 in Fighting
  8742 | D:9      | Reached skill level 5 in Shields
  9289 | D:10     | Entered Level 10 of the Dungeon
  9403 | D:10     | Noticed a two-headed ogre
  9414 | D:10     | Killed a two-headed ogre
  9414 | D:10     | Reached XP level 11. HP: 55/66 MP: 11/11
  9882 | D:10     | Found a staircase to the Lair.
 10153 | D:10     | Found a staircase to the Orcish Mines.
 10405 | D:10     | Found a shimmering blue altar of Sif Muna.
 10654 | D:11     | Noticed a red ugly thing
 10741 | D:11     | Found an opulent altar of Gozag.
 10859 | D:11     | Killed a red ugly thing
 11020 | D:11     | Noticed a cyclops
 11046 | D:11     | Killed an unseen horror
 11048 | D:11     | Killed a cyclops
 11306 | D:11     | Reached skill level 5 in Armour
 11665 | D:12     | Noticed a cyclops
 11677 | D:12     | Killed a cyclops
 11733 | D:12     | Reached XP level 12. HP: 76/76 MP: 12/12
 12215 | D:12     | Reached skill level 10 in Fighting
 12405 | D:12     | Reached skill level 10 in Shields
 12423 | D:12     | HP: 3/77 [very large slime creature (40)]
 13108 | D:13     | Noticed a centaur warrior
 13117 | D:13     | Killed a centaur warrior
 13159 | D:13     | Found a gate leading to a gauntlet.
 13177 | D:13     | Found Xeaqocwy's Weapon Emporium.
 13207 | D:13     | Noticed a centaur warrior
 13216 | D:13     | Killed a centaur warrior
 13477 | D:13     | Noticed a centaur warrior
 13479 | D:13     | Killed a centaur warrior
 14297 | D:13     | Noticed a centaur warrior
 14314 | D:13     | Killed a centaur warrior
 14441 | D:13     | Noticed a two-headed ogre
 14448 | D:13     | Killed a two-headed ogre
 14448 | D:13     | Reached XP level 13. HP: 84/84 MP: 13/13
 14835 | D:14     | Noticed Nessos
 14843 | D:14     | Killed Nessos
 14870 | D:14     | Paralysed by a wizard for 2 turns
 15309 | D:14     | Reached skill level 10 in Armour
 15726 | D:14     | Noticed a vault guard
 15726 | D:14     | Noticed a vault guard
 15728 | D:14     | Noticed a vault guard
 15762 | D:13     | Killed a vault guard
 15797 | D:14     | Killed a vault guard
 15805 | D:14     | Noticed a vault guard
 15807 | D:14     | Noticed a vault guard
 15832 | D:14     | Killed a vault guard
 15856 | D:14     | Killed a vault guard
 15879 | D:14     | Killed a vault guard
 15904 | D:14     | Got a distressingly furry large shield
 15906 | D:14     | Found a gate to the Vaults.
 16094 | D:15     | Entered Level 15 of the Dungeon
 16154 | D:15     | Identified the +3 large shield of the Distant Future {rElec
                  | rC+} (You found it on level 14 of the Dungeon)
 16155 | D:15     | Got a blackened scale mail
 16251 | D:15     | Noticed a fire dragon
 16278 | D:14     | Killed a fire dragon
 16717 | D:15     | Identified the +4 scale mail of Kekluaso {rPois rCorr
                  | Int+4} (You found it on level 15 of the Dungeon)
 16799 | D:15     | Noticed an ogre mage
 16825 | D:15     | Paralysed by an ogre mage for 6 turns
 16837 | D:15     | Killed an ogre mage
 16837 | D:15     | Gained mutation: Your large and strong wings let you fly
                  | indefinitely. [Gargoyle growth]
 16837 | D:15     | Reached XP level 14. HP: 83/92 MP: 14/14
 17107 | D:15     | Found a staircase to the Depths.
 17107 | D:15     | Noticed a dire elephant
 17132 | D:15     | Killed a dire elephant
 17650 | D:15     | Found a stormy altar of Qazlal.
 18174 | D:2      | Killed Crazy Yiuf
 18256 | D:3      | Killed Despondentz's ghost
 18556 | Lair:1   | Entered Level 1 of the Lair of Beasts
 18571 | Lair:1   | Got an encrusted ring mail
 18935 | Lair:1   | Found a dark tunnel.
 19654 | Lair:2   | Found a hole to the Spider Nest.
 19998 | Lair:2   | Found a staircase to the Shoals.
 21993 | Lair:4   | Reached XP level 15. HP: 99/100 MP: 15/15
 23028 | Lair:5   | Noticed Sonja
 23196 | Lair:5   | Killed Sonja
 23686 | Lair:6   | Entered Level 6 of the Lair of Beasts
 24214 | Lair:6   | Got a scorched leather armour
 24230 | Lair:6   | Reached skill level 15 in Fighting
 24233 | Lair:6   | Reached skill level 15 in Shields
 24376 | Lair:6   | Found a staircase to the Slime Pits.
 25270 | Lair:6   | Got a sheer robe
 27155 | Orc:1    | Entered Level 1 of the Orcish Mines
 27376 | Orc:2    | Entered Level 2 of the Orcish Mines
 27390 | Orc:2    | Noticed Rupert
 27417 | Orc:2    | Killed Rupert
 27417 | Orc:2    | Reached XP level 16. HP: 84/108 MP: 16/16
 28129 | Orc:2    | HP: 1/110 [soul eater/drain life[an orc high priest] (7)]
 28129 | Orc:2    | Killed from afar by an orc priest

Levels and vault maps discovered:
D:1:      minmay_arrival_solitary_statue, layout_rooms, st_stairs_6
D:2:      layout_loops_ring, first_ration, uniq_natasha, uniq_crazy_yiuf_cottage
D:3:      layout_loops_ring, ebering_ghost_gozag,
          hangedman_abyss_or_decor_lesser_grid, minmay_hedge_maze
D:4:      layout_basic
D:5:      layout_gridville
D:6:      layout_basic, uniq_menkaure
D:7:      lemuel_slime, layout_basic, kennysheep_little_box,
          minmay_temple_entry_mist, grunt_ogre_cave, uniq_prince_ribbit1
D:8:      layout_gridville, serial_shops, shop, uniq_harold
D:9:      layout_roguey, item_on_display_a
D:10:     layout_loops_ring, erik_lair_dragon, david_orc_2,
          lemuel_blue_sif_altar
D:11:     layout_rooms, grunt_gozag_breadcrumbs
D:12:     layout_roguey
D:13:     layout_gridville, serial_shops, shop, gauntlet_entry_generic,
          st_stairs_13
D:14:     layout_stronghold, ximxim_vaults_locker_room, minmay_misc_feat_square,
          uniq_nessos
D:15:     hangedman_depths_entry_try_elsewhere_first, layout_stronghold,
          lemuel_doored_altar
Temple:   dpeg_three_leaves_temple
Lair:1:   layout_small_grid, enter_volcano_1, grunt_megastairs_4
Lair:2:   layout_regular_city, shoals_dummy_entry,
          nicolae_spider_entry_non_spiders, minmay_lair_oklob_chamber
Lair:3:   layout_cave_pods, minmay_another_anthill
Lair:4:   layout_gridlike, fungi_pond_lemuel, beast_lair_carwin_4
Lair:5:   layout_loops_ring, serial_bayou_shore_b, serial_bayou_shore_b,
          uniq_sonja
Lair:6:   minmay_lair_end_enchanted_forest, layout_layer_cave,
          nicolae_slime_entry_slimehenge, lemuel_old_faithful
Orc:1:    layout_caves, mines2_lemuel
Orc:2:    st_orc_town, layout_diamond_mine, serial_shops, shop, uniq_rupert

Skill      XL: |  1  2  3  4  5  6  7  8  9 10 11 12 13 14 15 |
---------------+----------------------------------------------+-----
Maces & Flails | 3 4 5 6 7 9 11 13 14 | 14.0
Fighting       | 6 9 11 12 14 15 | 15.8
Shields        | 6 9 11 12 14 15 | 15.8
Armour         | 6 8 11 12 14 | 14.5

Action                   |  1- 3 |  4- 6 |  7- 9 | 10-12 | 13-15 | 16-18 || total
-------------------------+-------+-------+-------+-------+-------+-------++-------
Melee: Flail             |    88 |   150 |   185 |       |       |       ||   423
       Mace              |       |       |   215 |   903 |  2206 |   218 ||  3542
Invok: Potion Petition   |       |       |       |       |     1 |       ||     1
 Abil: Fly               |       |       |       |       |     1 |       ||     1
  Use: Scroll            |       |       |     4 |     6 |    15 |     1 ||    26
       Potion            |       |       |     2 |     1 |       |       ||     3
 Stab: Distracted        |       |       |       |     4 |     4 |     2 ||    10
       Sleeping          |       |       |       |       |     3 |       ||     3
  Eat: Chunk             |       |     7 |    24 |       |       |       ||    31
       Ration            |       |       |     1 |     6 |    15 |       ||    22
Armor: Scale mail        |    63 |    77 |   185 |   144 |       |       ||   469
       Plate armour      |       |       |       |   153 |   372 |       ||   525
       Shadow dragon sca |       |       |       |       |   581 |    62 ||   643
Dodge: Dodged            |    34 |    47 |    86 |   159 |   445 |    46 ||   817
Block: Shield            |    58 |    73 |   114 |   479 |   283 |       ||  1007
       Reflection        |       |       |       |    31 |    28 |     1 ||    60
       Large shield      |       |       |       |       |  2600 |   337 ||  2937

Table legend:
 A = Non-vault XP
 B = Vault XP
 C = Vault XP percentage of total XP
 D = Non-vault monster count
 E = Vault monster count
 F = Vault count percentage of total count
                 A         B        C        D         E       F
            +---------+---------+-------+---------+---------+-------
      Total |   98572 |   38348 |  28.0 |     534 |     167 |  23.8
            +---------+---------+-------+---------+---------+-------
        D:1 |      13 |       2 |  13.3 |       6 |       1 |  14.3
        D:2 |     131 |      74 |  36.1 |      20 |       2 |   9.1
        D:3 |     129 |     331 |  72.0 |       8 |       5 |  38.5
        D:4 |     336 |       0 |   0.0 |      19 |       0 |   0.0
        D:5 |     267 |       0 |   0.0 |       6 |       0 |   0.0
        D:6 |     880 |     443 |  33.5 |      21 |       2 |   8.7
        D:7 |     794 |     730 |  47.9 |      19 |      23 |  54.8
        D:8 |    1771 |    1018 |  36.5 |      22 |       1 |   4.3
        D:9 |    1773 |       0 |   0.0 |      38 |       0 |   0.0
       D:10 |    2542 |    1035 |  28.9 |      24 |      13 |  35.1
       D:11 |    4928 |       0 |   0.0 |      22 |       0 |   0.0
       D:12 |    7217 |       0 |   0.0 |      42 |       0 |   0.0
       D:13 |    7510 |    2637 |  26.0 |      30 |       6 |  16.7
       D:14 |    9458 |    5573 |  37.1 |      31 |       7 |  18.4
       D:15 |   14373 |    3058 |  17.5 |      36 |       4 |  10.0
     Lair:1 |    3448 |    1689 |  32.9 |      21 |       8 |  27.6
     Lair:2 |    5277 |    2488 |  32.0 |      20 |      12 |  37.5
     Lair:3 |    4159 |    3457 |  45.4 |      18 |      21 |  53.8
     Lair:4 |    2462 |    2281 |  48.1 |       6 |       3 |  33.3
     Lair:5 |   12593 |    1475 |  10.5 |      43 |       4 |   8.5
     Lair:6 |   11839 |    7878 |  40.0 |      40 |      48 |  54.5
      Orc:1 |     428 |       0 |   0.0 |       8 |       0 |   0.0
      Orc:2 |    6244 |    4179 |  40.1 |      34 |       7 |  17.1
            +---------+---------+-------+---------+---------+-------
